 Dungeon Crawl Stone Soup version 0.31.0-11-ge490571c62 (webtiles) character file.

Game seed: 17474079129252350966

77 qw the Shooter (level 4, 0/22 HPs)
             Began as a Spriggan Hunter on Feb 4, 2024.
             Slain by a phantom (6 damage)
             ... on level 2 of the Dungeon.
             The game lasted 00:00:05 (907 turns).

qw the Shooter (Spriggan Hunter)                     Turns: 907, Time: 00:00:05

Health: 0/22       AC:  2    Str:  7    XL:     4   Next: 13%
Magic:  5/5        EV: 19    Int: 10    God:
Gold:   40         SH:  5    Dex: 20    Spells: 3/3 levels left

rFire   . . .        a - +0 shortbow
rCold   . . .        (shield currently unavailable)
rNeg    . . .        c - +0 robe
rPois   .            (helmet restricted)
rElec   .            (no cloak)
rCorr   .            (gloves unavailable)
SInv    +            (boots unavailable)
Will    .....        i - amulet of reflection
Stlth   ++           (no ring)
HPRegen 0.23/turn    (no ring)
MPRegen 0.09/turn

%: reflection
@: very quick
A: very small, no large weapons, unfitting armour, see invisible, speed 3
a: no special abilities


You were on level 2 of the Dungeon.
You visited 1 branch of the dungeon, and saw 2 of its levels.

You collected 40 gold pieces.


Innate Abilities, Weirdness & Mutations

You are very small and have problems with some larger weapons.
You are too small for most types of armour.
You have supernaturally acute eyesight. (SInv)
You cover ground extremely quickly. (Speed+++)


   Skills:
 - Level 1.5 Fighting
 - Level 5.2 Ranged Weapons
 + Level 4.0 Dodging
 - Level 1.5 Stealth


You had 3 spell levels left.
You didn't know any spells.
Your spell library was empty.

Inventory:

Hand Weapons
 a - a +0 shortbow (weapon)
Armour
 c - a +0 robe (worn)
Jewellery
 i - an amulet of reflection (around neck)
Potions
 b - a potion of heal wounds {unknown}

Dungeon Overview and Level Annotations

Branches:
Dungeon (2/15)

Altars:


Message History

You have reached level 4!
You shoot an arrow. The arrow misses the phantom.
The phantom barely misses you.
You shoot an arrow. The arrow hits the phantom.
The phantom is lightly damaged.
The phantom hits you.
The phantom blinks!
You blink.
You shoot an arrow. The arrow hits the phantom.
The phantom is moderately damaged.
The phantom completely misses you.
You shoot an arrow. The arrow closely misses the phantom.
The phantom misses you.
You shoot an arrow. The arrow closely misses the phantom.
The phantom completely misses you. You block the phantom's attack.
You shoot an arrow. The arrow hits the phantom!
The phantom is severely damaged.
The phantom hits you.
You shoot an arrow. The arrow barely misses the phantom.
The phantom barely misses you.
You shoot an arrow.
The arrow hits the phantom but does no damage.
The phantom is severely damaged.
You block the phantom's attack.
You shoot an arrow. The arrow closely misses the phantom.
The phantom hits you.
You shoot an arrow. The arrow barely misses the phantom.
The phantom completely misses you. The phantom barely misses you.
You shoot an arrow. The arrow barely misses the phantom.
The phantom barely misses you.
You shoot an arrow.
The arrow completely misses the phantom.
The phantom completely misses you.
You shoot an arrow. The arrow hits the phantom.
The phantom is severely damaged.
The phantom hits you.
You shoot an arrow. The arrow hits the phantom.
The phantom is almost destroyed.
The phantom hits you.
The phantom blinks!
You blink.
You shoot an arrow. The arrow closely misses the phantom.
The phantom hits you.
You die...

#######
#.....#
#.###.# #.#
#.#
#####%###.###
.#.......#...#
.......#.###.#
###W@.#...#
#.###.#### #¤#
#....# #¤#
####.#
#.######%#
..%.....>#
...######.#
..### #.# ###
#.#


You could see a phantom.

Vanquished Creatures
  Natasha (D:2)
  5 dart slugs (D:1)
  A ribbon worm (D:2)
  4 bats (D:1)
  4 endoplasms
  A giant cockroach (D:1)
  A goblin (D:1)
  6 hobgoblins (D:1)
  6 kobolds (D:1)
  A quokka (D:2)
  2 ball pythons
  A frilled lizard (D:1)
  5 rats
38 creatures vanquished.

Notes
Turn   | Place    | Note
-------+----------+-------------------------------------------
     0 | D:1      | qw the Spriggan Hunter began the quest for the Orb.
     0 | D:1      | Reached XP level 1. HP: 10/10 MP: 2/2
     0 | D:1      | 0 ||| qw: Version: 0.3-a-160-g6735b56
     0 | D:1      | 0 ||| qw: Game counter: 5014
     0 | D:1      | 0 ||| qw: Melee chars always use a shield: true
     0 | D:1      | 0 ||| qw: God list: Okawaru
     0 | D:1      | 0 ||| qw: Allow faded altars: false
     0 | D:1      | 0 ||| qw: Do Orc after clearing Dungeon:15 true
     0 | D:1      | 0 ||| qw: Do second Lair branch before Depths: true
     0 | D:1      | 0 ||| qw: Lair rune preference: random
     0 | D:1      | 0 ||| qw: Goals: Normal
     0 | D:1      | 0 ||| PLANNING D:1-11
    39 | D:1      | Reached skill level 3 in Dodging
    94 | D:1      | Reached XP level 2. HP: 14/14 MP: 3/3
   258 | D:1      | Found a faded altar of an unknown god.
   314 | D:1      | Reached XP level 3. HP: 18/18 MP: 4/4
   724 | D:1      | 724 ||| UPGRADING to amulet of reflection.
   729 | D:1      | 729 ||| DROPPING ring of magical power.
   730 | D:1      | 730 ||| READING scroll labelled SOS HACOITHUTTYV.
   731 | D:1      | 731 ||| READING scroll labelled RINOEJ MAAFAOCW.
   732 | D:1      | 732 ||| READING scroll labelled TAIKKU SININO.
   732 | D:1      | 732 ||| IDENTIFYING golden potion
   733 | D:1      | 733 ||| DROPPING scroll of butterflies.
   734 | D:1      | 734 ||| DROPPING potion of brilliance.
   886 | D:2      | Noticed Natasha
   890 | D:2      | Noticed a phantom
   892 | D:2      | Killed Natasha
   893 | D:2      | Reached skill level 5 in Ranged Weapons
   893 | D:2      | Reached XP level 4. HP: 18/22 MP: 5/5
   906 | D:2      | HP: 5/22 [phantom (2)]
   907 | D:2      | Slain by a phantom

Levels and vault maps discovered:
D:1:      roderic_crop_circles_arrival_small, layout_loops_ring,
          hellmonk_ecumenical_altar_pennies_from_heaven
D:2:      layout_basic, minmay_domino_4, uniq_natasha, uniq_jessica

Skill      XL: |  1  2  3 |
---------------+----------+-----
Dodging        | 3 4 |  4.0
Ranged Weapons | 5 |  5.2
Fighting       | |  1.5
Stealth        | |  1.5

Action                     |  1- 3 |  4- 6 || total
---------------------------+-------+-------++-------
   Fire: Shortbow          |   103 |    15 ||   118
    Use: Scroll            |     3 |       ||     3
 Armour: Robe              |    13 |     6 ||    19
  Dodge: Dodged            |    32 |     9 ||    41
  Block: Other             |       |     2 ||     2

Table legend:
 A = Non-vault XP
 B = Vault XP
 C = Vault XP percentage of total XP
 D = Non-vault monster count
 E = Vault monster count
 F = Vault count percentage of total count
                 A         B        C        D         E       F
            +---------+---------+-------+---------+---------+-------
      Total |      75 |      35 |  31.8 |      37 |       1 |   2.6
            +---------+---------+-------+---------+---------+-------
        D:1 |      61 |       0 |   0.0 |      30 |       0 |   0.0
        D:2 |      14 |      35 |  71.4 |       7 |       1 |  12.5
            +---------+---------+-------+---------+---------+-------
